 Dungeon Crawl Stone Soup version 0.29.1-12-g30fa7ad0bf (webtiles) character file.

Game seed: 10351787811278278339

9844 sizableburger the Prestidigitator (level 11, -9/79 HPs)
             Began as a Demigod Conjurer on Dec 25, 2022.
             Mangled by Snorg (21 damage)
             ... on level 10 of the Dungeon.
             The game lasted 00:40:46 (13604 turns).

sizableburger the Prestidigitator (DgCj)           Turns: 13604, Time: 00:40:46

Health: -9/79      AC: 14    Str: 10    XL:     11   Next: 7%
Magic:  2/24       EV: 12    Int: 41    God:
Gold:   625        SH:  4    Dex: 12    Spells: 8/22 levels left

rFire   + . .      SeeInvis .   A - staff of fire
rCold   + . .      Faith    .   (no shield)
rNeg    . . .      Spirit   .   r - +6 scale mail "Siaciymn" {rC+ Str+4 Int+3}
rPois   .          Reflect  .   (no helmet)
rElec   .          Harm     +   g - scarf {harm}
rCorr   .          Rampage  .   o - +0 pair of gloves
Will    +....                   B - +0 pair of boots
Stlth   ..........              (no amulet)
HPRegen 0.23/turn               y - +6 ring of intelligence
MPRegen 0.19/turn               f - +4 ring of evasion

@: very slightly contaminated, slowed, very slow
A: high MP 1, forlorn, divine attributes, large bone plates 1, weak 1
a: no special abilities


You were on level 10 of the Dungeon.
You visited 1 branch of the dungeon, and saw 10 of its levels.
You also visited: Ossuary.

You collected 625 gold pieces.

Inventory:

Missiles
 w - 2 throwing nets
Armour
 a - a +0 robe
 g - a scarf of harm (worn)
 o - a +0 pair of gloves (worn)
 r - the +6 scale mail "Siaciymn" (worn) {rC+ Str+4 Int+3}
   (You found it on level 3 of the Dungeon)

   Str:       It affects your strength (+4).
   Int:       It affects your intelligence (+3).
   rC:        It protects you from cold.
 B - a +0 pair of boots (worn)
Magical Staves
 e - a staff of poison
 p - a staff of cold
 A - a staff of fire (weapon)
Jewellery
 f - a +4 ring of evasion (right hand)
 h - a ring of magical power
 u - an amulet of the acrobat
 y - a +6 ring of intelligence (left hand)
 D - a +6 ring of dexterity
 F - a +6 ring of intelligence
Wands
 l - a wand of roots (3)
 x - a wand of flame (25)
 C - a wand of digging (1)
Scrolls
 k - a scroll of summoning
 q - 3 scrolls of poison
 s - 6 scrolls of identify
 t - 2 scrolls of amnesia
 v - a scroll of teleportation
Potions
 b - 3 potions of magic
 c - 2 potions of curing
 d - 2 potions of mutation
 i - a potion of resistance
 j - 4 potions of flight
 m - 2 potions of lignification
 n - a potion of brilliance
 z - a potion of ambrosia {unknown}
 E - a potion of attraction {unknown}


   Skills:
 - Level 2.0 Fighting
 - Level 5.6 Staves
 - Level 1.8 Dodging
 - Level 1.8 Stealth
 - Level 6.0 Spellcasting
 + Level 7.3 Conjurations
 - Level 4.6 Hexes
 + Level 5.5 Fire Magic
 - Level 2.9 Poison Magic
 + Level 9.0 Evocations


You had 8 spell levels left.
You knew the following spells:

 Your Spells              Type           Power      Damage    Failure   Level
a - Magic Dart            Conj           100%       1d8       1%          1
b - Searing Ray           Conj           100%       2d8       1%          2
c - Stone Arrow           Conj/Erth      84%        3d12      12%         3
d - Fulminant Prism       Conj/Hex       28%        3d14      16%         4
e - Sticky Flame          Conj/Fire      78%        2d9       13%         4

Your spell library contained the following spells:

 Spells                   Type           Power      Damage    Failure   Level
 Foxfire                  Conj/Fire      100%       2x1d9     1%          1
 Conjure Flame            Conj/Fire      78%        6-21      3%          3
 Dazzling Flash           Conj/Hex       100%       N/A       4%          3
 Inner Flame              Hex/Fire       69%        N/A       7%          3
 Tukima's Dance           Hex            50%        N/A       8%          3
 Flame Wave               Conj/Fire      78%        2d17      13%         4
 Ignite Poison            Fire/Tmut/Pois 52%        N/A       17%         3
 Sandblast                Erth           24%        2d8       19%         1
 Portal Projectile        Hex/Tloc       62%        N/A       21%         3
 Passwall                 Tmut/Erth      10%        N/A       26%         2
 Iskenderun's Mystic Bla  Conj/Tloc      42%        2d10      36%         4
 Animate Armour           Summ/Erth      24%        N/A       87%         4
 Blade Hands              Tmut           6%         N/A       99%         5
 Lehudib's Crystal Spear  Conj/Erth      21%        10d6      100%        8


Dungeon Overview and Level Annotations

Branches:
Dungeon (10/15)            Temple (0/1) D:5             Orc (0/2) D:9
Ossuary (visited)
   Lair: D:8-11

Annotations:
D:6 1 runed translucent door, Crazy Yiuf
D:7 1 runed translucent door, oj3's ghost, novice MiBe
D:9 2 transporters, Jingleheimer's ghost, journeyman TeBe
D:10 Snorg


Innate Abilities, Weirdness & Mutations

You have an increased reservoir of magic. (+10% MP)
You shall have no god before yourself.
Your divine heritage dramatically boosts your attributes as you level up.
You are partially covered in large bone plates. (SH +4)
You are weak. (Str -2)


Message History

Unknown command.
You hit Snorg but do no damage.
Snorg is heavily wounded.
Snorg bites you. Snorg barely misses you. You block Snorg's attack.
Your fulminant prism explodes!
The blast of energy engulfs Snorg!!
Snorg is severely wounded.
You block Snorg's attack. Snorg barely misses you.
Snorg claws you but does no damage.
Okay, then.
Aiming: Throw Flame
Press: ? - help, Shift-Dir - straight line, f/p - Snorg
Aim: Snorg (severely wounded, berserk, 76% to hit)
The puff of flame misses Snorg.
Snorg bites you! Snorg claws you! Snorg claws you. Snorg bites you.
Snorg barely misses you. Snorg completely misses you.
Unknown command.
Unknown command.
As you read the scroll of summoning, it crumbles to dust.
Wisps of shadow whirl around you... Snorg bites you but does no damage.
Snorg barely misses you. Snorg claws you!! Snorg bites you.
* * * LOW HITPOINT WARNING * * *
Snorg claws you but does no damage. You block Snorg's attack. Snorg bites you!
* * * LOW HITPOINT WARNING * * *
Snorg claws you.
* * * LOW HITPOINT WARNING * * *
Snorg claws you but does no damage.
Sorry, you're not good enough to have a special ability.
Okay, then.
You swap places.
Your orc hits Snorg with a +0 club.
Your acid dragon bites Snorg.
Your acid dragon claws Snorg.
Your komodo dragon bites Snorg!
Your orc wizard hits Snorg with a +0 dagger.
Snorg closely misses you. Snorg claws you.
* * * LOW HITPOINT WARNING * * *
Snorg barely misses you.
Okay, then.
You feel better. Snorg bites you but does no damage.
Snorg completely misses you. Snorg claws you!!
You die...

#.......)..#............
#..........#............
#..........#............
+.......................
#.........o#.#.#........
#..............#........
+......oo......#........
#.....lT..o....#........
#.....D@o..#############
############ .


.gg You could see Snorg (berserk, ally target), a friendly komodo dragon
(summoned), a friendly acid dragon (summoned), a friendly orc wizard (summoned)
and 4 friendly orcs.

Vanquished Creatures
  3 two-headed ogres
  An orange demon (D:8)
  A troll (D:10)
  A wyvern (D:10)
  13 yaks
  A wraith (D:10)
  An acid dragon (D:9)
  3 water moccasins
  5 orc warriors
  A sky beast (D:7)
  3 black bears
  2 centaurs
  4 bullfrogs
  2 necrophages
  10 scorpions
  2 gnoll sergeants
  5 wights
  4 electric eels (D:9)
  A howler monkey (D:7)
  2 centaur zombies (Ossuary)
  4 hounds
  A human zombie (Ossuary)
  9 orc priests
  2 gnoll boudas
  2 iguanas (D:5)
  8 orc wizards
  2 mummies (Ossuary)
  17 gnolls
  8 adders
  A shadow imp (D:6)
  2 white imps
  A howler monkey simulacrum (D:10)
  2 ufetubi
  3 worms
  6 dart slugs
  35 orcs
  4 ball pythons
  10 bats
  4 endoplasms
  3 giant cockroaches
  4 goblins
  6 hobgoblins
  4 jackals (D:1)
  12 kobolds
  4 quokkas
  5 frilled lizards
  2 goblin zombies (Ossuary)
  10 hobgoblin zombies (Ossuary)
  3 jackal zombies (Ossuary)
  13 kobold zombies (Ossuary)
  5 orc zombies (Ossuary)
  3 rats (D:1)
  A rat zombie (Ossuary)
261 creatures vanquished.

Vanquished Creatures (collateral kills)
  A two-headed ogre (D:6)
  Amaemon (D:8)
  2 wights (D:8)
4 creatures vanquished.

Vanquished Creatures (others)
  21 fulminant prisms
  7 fungi (D:5)
28 creatures vanquished.

Grand Total: 293 creatures vanquished

Notes
Turn   | Place    | Note
-------+----------+-------------------------------------------
     0 | D:1      | sizableburger the Demigod Conjurer began the quest for the
                  | Orb.
     0 | D:1      | Reached XP level 1. HP: 14/14 MP: 5/5
   417 | D:1      | Reached XP level 2. HP: 20/20 MP: 5/7
   700 | D:1      | Learned a level 2 spell: Searing Ray
  1017 | D:1      | Reached skill level 1 in Evocations
  1017 | D:1      | Reached XP level 3. HP: 26/26 MP: 3/8
  1410 | D:2      | You fall into a shaft and drop 2 floors!
  1542 | D:4      | Learned a level 3 spell: Stone Arrow
  1795 | D:3      | Reached skill level 1 in Poison Magic
  1927 | D:3      | Gained mutation: You are weak. (Str -2) [potion of
                  | mutation]
  1927 | D:3      | Gained mutation: You are partially covered in large bone
                  | plates. (SH +4) [potion of mutation]
  1933 | D:3      | Reached skill level 1 in Staves
  1933 | D:3      | Reached XP level 4. HP: 26/33 MP: 9/9
  2566 | D:2      | Reached skill level 2 in Evocations
  3989 | D:3      | Identified the +6 scale mail "Siaciymn" {rC+ Str+4 Int+3}
  4203 | D:4      | Reached XP level 5. HP: 38/38 MP: 11/11
  4512 | D:4      | Reached XP level 6. HP: 38/45 MP: 8/12
  4819 | D:4      | Reached skill level 3 in Evocations
  5099 | D:4      | Learned a level 4 spell: Fulminant Prism
  5114 | D:5      | Entered Level 5 of the Dungeon
  5114 | D:5      | Found a staircase to the Ecumenical Temple.
  5313 | D:5      | Reached skill level 1 in Hexes
  5313 | D:5      | Reached XP level 7. HP: 50/50 MP: 14/14
  5881 | D:5      | Reached skill level 4 in Evocations
  6097 | D:5      | Reached XP level 8. HP: 57/57 MP: 17/17
  7158 | D:6      | Noticed a two-headed ogre
  7167 | D:6      | Killed a two-headed ogre
  7168 | D:6      | Reached skill level 5 in Staves
  7168 | D:6      | Reached skill level 5 in Evocations
  7469 | D:6      | Reached skill level 5 in Spellcasting
  7555 | D:6      | HP: 4/85 [orc warrior/+0 hand axe (7)]
  7558 | D:6      | Reached XP level 9. HP: 21/62 MP: 20/20
  8344 | D:6      | Found a runed translucent door.
  8345 | D:6      | Noticed Crazy Yiuf
  8589 | D:7      | Reached skill level 1 in Fighting
  8592 | D:7      | Reached skill level 6 in Evocations
  8604 | D:7      | Reached skill level 5 in Conjurations
  8809 | D:7      | Found a runed translucent door.
  8814 | D:7      | Noticed oj3's ghost (novice MiBe)
  8821 | D:7      | Learned a level 4 spell: Sticky Flame
  8862 | D:7      | Noticed a boulder beetle
  9499 | D:7      | Reached skill level 1 in Fire Magic
  9903 | D:8      | Noticed Amaemon
  9913 | D:8      | Killed Amaemon
  9914 | D:8      | Reached skill level 7 in Evocations
  9914 | D:8      | Noticed an orange demon
  9922 | D:8      | Killed an orange demon
  9927 | D:8      | Reached XP level 10. HP: 73/73 MP: 0/22
 10080 | D:8      | Found a sand-covered staircase.
 10084 | Ossuary  | Entered an ossuary
 10800 | D:8      | Noticed a two-headed ogre
 10804 | D:8      | Killed a two-headed ogre
 11498 | D:8      | Reached skill level 8 in Evocations
 11926 | D:9      | Noticed a two-headed ogre
 11931 | D:9      | Killed a two-headed ogre
 12241 | D:9      | Noticed a tengu warrior
 12241 | D:9      | Noticed Jingleheimer's ghost (journeyman TeBe)
 12244 | D:9      | Found a transporter.
 12298 | D:9      | Found a transporter.
 12325 | D:9      | Noticed a two-headed ogre
 12330 | D:9      | Noticed a moth of wrath
 12376 | D:9      | Found a staircase to the Orcish Mines.
 13015 | D:10     | Entered Level 10 of the Dungeon
 13228 | D:10     | Reached skill level 5 in Fire Magic
 13498 | D:10     | Noticed a two-headed ogre
 13503 | D:10     | Killed a two-headed ogre
 13504 | D:10     | Reached skill level 9 in Evocations
 13504 | D:10     | Reached XP level 11. HP: 79/79 MP: 10/24
 13593 | D:10     | Noticed Snorg
 13603 | D:10     | HP: 1/79 [Snorg (6)]
 13604 | D:10     | Mangled by Snorg

Illustrated notes

Levels and vault maps discovered:
D:1:      psy_arrival_terrarium, layout_loops_ring,
          hellmonk_ecumenical_altar_prayer_group, kennysheep_nondescript
D:2:      layout_loops_corners
D:3:      layout_rooms
D:4:      layout_layer_cave, mainiacjoe_overflow_alcove_1, kennysheep_orc_chapel
D:5:      old_forge, layout_loops_corners, minmay_temple_entry_glass
D:6:      layout_loops_ring, fedhas_altar_fruit_tree, amcnicky_altar_gilded,
          uniq_crazy_yiuf_cottage
D:7:      layout_loops_ring, ebering_ghost_reflecting_pool
D:8:      layout_cave_pools, nicolae_qazlal_general_emergency, enter_ossuary_5,
          serial_rivers, chequers_serial_rivers_small_a,
          chequers_serial_rivers_large_b, chequers_serial_rivers_room_a,
          chequers_serial_rivers_micro_e, kennysheep_path_1, uniq_amaemon
D:9:      layout_basic, minitemple, david_orc_2,
          gammafunk_ghost_wrathful_warriors, minmay_misc_feat_nine_boxes,
          minmay_fountain_box
D:10:     layout_basic, serial_ice, serial_ice_i, serial_ice_n, serial_ice_b,
          serial_ice_g, uniq_snorg

Skill      XL: |  1  2  3  4  5  6  7  8  9 10 |
---------------+-------------------------------+-----
Spellcasting   | 2 3 4 5 6 |  6.0
Conjurations   | 4 5 7 |  7.3
Evocations     | 1 2 3 4 5 7 9 |  9.0
Poison Magic   | 1 2 |  2.9
Staves         | 1 2 3 4 5 |  5.6
Hexes          | 1 3 4 |  4.6
Fighting       | 2 |  2.0
Fire Magic     | 3 5 |  5.5
Dodging        | |  1.8
Stealth        | |  1.8

Action                   |  1- 3 |  4- 6 |  7- 9 | 10-12 || total
-------------------------+-------+-------+-------+-------++-------
Melee: Staff             |    12 |    38 |    38 |   296 ||   384
       Punch             |       |       |     1 |     6 ||     7
 Cast: Magic Dart        |    54 |       |       |     1 ||    55
       Searing Ray       |     9 |    26 |    67 |    16 ||   118
       Stone Arrow       |       |     5 |     6 |    12 ||    23
       Fulminant Prism   |       |       |     2 |    19 ||    21
       Sticky Flame      |       |       |       |     5 ||     5
Evoke: Wand              |       |       |     4 |     4 ||     8
  Use: Potion            |     2 |       |     3 |     1 ||     6
       Scroll            |       |     8 |     9 |     4 ||    21
Armor: Robe              |     3 |     3 |       |       ||     6
       Scale mail        |       |    10 |    55 |   118 ||   183
       Skin              |       |       |     2 |       ||     2
Dodge: Dodged            |    30 |    25 |    74 |   180 ||   309
Block: Other             |       |     6 |    29 |    55 ||    90
